 Dungeon Crawl Stone Soup version 0.31-a0-816-gd61d57ddb1 (webtiles) character file.

Game seed: 16784345692784925375

3939 DocSulfur the Spear-Bearer (level 10, -7/77 HPs)
             Began as a Mummy Berserker on Sept 22, 2023.
             Was an Elder of Trog.
             Mangled by an orc priest
             ... wielding a +0 morningstar
              (11 damage)
             ... on level 9 of the Dungeon.
             The game lasted 00:13:08 (7950 turns).

DocSulfur the Spear-Bearer (Mummy Berserker)        Turns: 7950, Time: 00:13:09

Health: -7/77      AC: 15    Str: 24    XL:     10   Next: 1%
Magic:  19/19      EV: 10    Int:  7    God:    Trog [****..]
Gold:   426        SH:  0    Dex: 12    Spells: 9/9 levels left

rFire   . . .        e - +1 glaive of the Shoals {freeze, rC+ MP+9 SInv}
rCold   + . .        (shield currently unavailable)
rNeg    + + +        i - +3 scale mail
rPois   ∞            (no helmet)
rElec   .            b - +0 cloak
rCorr   .            (no gloves)
SInv    +            k - +0 pair of boots
Will    +....        (no amulet) Stlth
                     d - ring of fire
HPRegen 0.32/turn    j - +4 ring of protection
MPRegen 0.16/turn

%: faith
@: no status effects
A: cold resistance 1, negative energy resistance 3, torment resistance 2, heat
vulnerability 1, in touch with death 1, no potions, faith
a: Renounce Religion, Trog's Hand, Brothers in Arms


You were on level 9 of the Dungeon.
You worshipped Trog.
Trog was greatly pleased with you.
You visited 1 branch of the dungeon, and saw 9 of its levels.

You collected 426 gold pieces.

Inventory:

Hand Weapons
 e - the +1 glaive of the Shoals (weapon) {freeze, rC+ MP+9 SInv}
   (You found it on level 3 of the Dungeon)

   rC+:       It protects you from cold.
   MP+9:      It affects your magic capacity (+9).
   SInv:      It lets you see invisible.
Missiles
 c - 19 poisoned darts
 t - 6 boomerangs
 u - 3 silver javelins (quivered)
 v - a throwing net
Armour
 b - a +0 cloak (worn)
 i - a +3 scale mail (worn)
 k - a +0 pair of boots (worn)
 o - a scarf of shadows
 p - +0 acid dragon scales
Jewellery
 d - a ring of fire (left hand)
 j - a +4 ring of protection (right hand)
 n - a ring of protection from cold
 s - a ring of see invisible
Wands
 h - a wand of flame (39)
 r - a wand of iceblast (7)
Scrolls
 f - a scroll of silence
 g - a scroll of fog
 l - a scroll of enchant armour
 m - a scroll of revelation
 q - 2 scrolls of blinking


   Skills:
 - Level 6.8 Fighting
 * Level 10.6 Polearms
 + Level 3.7 Throwing
 - Level 1.5 Armour
 - Level 1.5 Dodging


You had 9 spell levels left.
You didn't know any spells.
Your spell library was empty.

Dungeon Overview and Level Annotations

Branches:
Dungeon (10/15)            Temple (0/1) D:4
   Lair: D:8-11         Orc: D:9-12

Altars:
Cheibriados
Fedhas
Hepliaklqana
Kikubaaqudgha
Okawaru
Qazlal
Wu Jian
Yredelemnul


Innate Abilities, Weirdness & Mutations

You are immune to poison.
Your flesh is cold resistant. (rC+)
You are immune to negative energy. (rN+++)
You are immune to unholy pain and torment.
You are vulnerable to heat. (rF-)
You are in touch with the powers of death.
You do not drink.
You have a special connection with the divine. (Faith)


Message History

Okay, then.
As you read the scroll of fog, it dissolves into smoke.
The orc warrior hits you but does no damage.
The orc priest miscasts a cantrip.
You barely miss the orc warrior.
The orc warrior hits you with a +0 scimitar!
You slash the orc warrior! You freeze the orc warrior.
The orc warrior is moderately wounded.
The orc priest looks encouraged for a moment.
Reach: e) +1 glaive of the Shoals {freeze, rC+ MP+9 SInv}
Press: ? - help, Dir - move target, f - orc priest
Aim: an orc priest, wielding a +0 morningstar (black smoke, about 38% to evade the +1 glaive of the Shoals)
You reach to attack!
You closely miss the orc priest.
The orc warrior hits you with a +0 scimitar!
* * * LOW HITPOINT WARNING * * *
The orc warrior hits you but does no damage.
Reach: e) +1 glaive of the Shoals {freeze, rC+ MP+9 SInv}
Press: ? - help, Dir - move target, f/p - orc priest
Aim: an orc priest, wielding a +0 morningstar (black smoke, about 38% to evade the +1 glaive of the Shoals)
You closely miss the orc priest.
The orc priest calls down the wrath of Beogh upon you.
Beogh smites you!
* * * LOW HITPOINT WARNING * * *
The orc warrior hits you but does no damage.
Reach: e) +1 glaive of the Shoals {freeze, rC+ MP+9 SInv}
Press: ? - help, Dir - move target, f/p - orc priest
Aim: an orc priest, wielding a +0 morningstar (black smoke, about 38% to evade the +1 glaive of the Shoals)
You barely miss the orc priest.
The orc priest hits you with a +0 morningstar!
* * * LOW HITPOINT WARNING * * *
The orc warrior hits you but does no damage.
The orc priest hits you but does no damage.
Reach: e) +1 glaive of the Shoals {freeze, rC+ MP+9 SInv}
Press: ? - help, Dir - move target, f/p - orc priest
Aim: an orc priest, wielding a +0 morningstar (black smoke, about 38% to evade the +1 glaive of the Shoals)
You slash the orc priest! You freeze the orc priest.
The orc priest is heavily wounded.
The orc warrior closely misses you.
The orc priest hits you with a +0 morningstar!
You die...

### #.# #.# . ###.# ...
#.§§# ....o####.#c# ####
.(.oco..yy#o#######.....
.....######o@§§.....#
... ######.#### # #....#
###'####### #.........#
#.###.#############
#...#.....##.......
#####∩#######.##.......
##8##~.~##8##..##.......


You could see an orc warrior, a centaur and an orc priest.

Vanquished Creatures
  Pikel (D:7)
  Maggie (D:7)
  Jeremiah (D:7)
  A troll (D:6)
  Grinder (D:6)
  Prince Ribbit (D:5)
  A wyvern (D:10)
  2 steam dragons (D:6)
  Menkaure (D:7)
  An orc warrior (D:6)
  A sky beast (D:7)
  2 ogres
  A centaur (D:7)
  3 lemures
  3 phantoms
  3 bullfrogs (D:7)
  4 scorpions
  3 killer bees (D:9)
  A howler monkey (D:5)
  An orc priest (D:6)
  2 hounds
  3 jellies
  Ijyb (D:5)
  Natasha (D:2)
  Terence (D:2)
  4 orc wizards
  A sleepcap (D:4)
  2 iguanas
  A gnoll (D:6)
  7 adders
  A white imp (D:7)
  2 worms (D:2)
  3 dart slugs
  22 orcs
  4 bats
  5 endoplasms
  4 giant cockroaches
  7 goblins
  7 hobgoblins
  2 jackals (D:2)
  7 quokkas
  9 ball pythons
  4 frilled lizards
  5 kobolds
  5 rats (D:1)
143 creatures vanquished.

Notes
Turn   | Place    | Note
-------+----------+-------------------------------------------
     0 | D:1      | DocSulfur the Mummy Berserker began the quest for the Orb.
     0 | D:1      | Reached XP level 1. HP: 18/18 MP: 1/1
   137 | D:1      | Reached XP level 2. HP: 24/24 MP: 2/2
   311 | D:1      | Reached skill level 3 in Polearms
   609 | D:1      | Reached XP level 3. HP: 29/29 MP: 3/3
  1279 | D:2      | Reached ** piety under Trog
  1867 | D:2      | Noticed Natasha
  1879 | D:2      | Killed Natasha
  1880 | D:2      | Reached XP level 4. HP: 21/37 MP: 4/4
  2177 | D:2      | Noticed Terence
  2186 | D:2      | Killed Terence
  2515 | D:3      | Found a faded altar of an unknown god.
  2520 | D:3      | Identified the +1 glaive of the Shoals {freeze, rC+ MP+9
                  | SInv}
  2706 | D:3      | Found an iron altar of Okawaru.
  2846 | D:3      | Reached XP level 5. HP: 43/43 MP: 5/5
  3066 | D:3      | Noticed an angel
  3361 | D:4      | Reached *** piety under Trog
  3362 | D:4      | Reached skill level 4 in Polearms
  3805 | D:4      | Found a basalt altar of Yredelemnul.
  3832 | D:4      | Reached skill level 5 in Fighting
  3852 | D:4      | Found a staircase to the Ecumenical Temple.
  4109 | D:4      | Reached XP level 6. HP: 51/51 MP: 6/6
  4412 | D:5      | Entered Level 5 of the Dungeon
  4412 | D:5      | Found a stormy altar of Qazlal.
  4422 | D:5      | Noticed a water elemental
  4423 | D:5      | Noticed a fire elemental
  4423 | D:5      | Noticed an air elemental
  4491 | D:5      | Noticed Prince Ribbit
  4503 | D:5      | Killed Prince Ribbit
  4504 | D:5      | Reached skill level 5 in Polearms
  4504 | D:5      | Reached XP level 7. HP: 57/58 MP: 7/7
  4564 | D:5      | Noticed Ijyb
  4571 | D:5      | Killed Ijyb
  4789 | D:5      | Identified the +4 hand axe of Victory {heavy, rF+ Dex+3}
  5211 | D:6      | Noticed Grinder
  5224 | D:6      | Killed Grinder
  5225 | D:6      | Reached skill level 6 in Polearms
  5225 | D:6      | Reached XP level 8. HP: 65/65 MP: 8/8
  5328 | D:6      | Noticed a troll
  5391 | D:6      | Reached skill level 7 in Polearms
  5828 | D:6      | Reached skill level 8 in Polearms
  6233 | D:6      | Found an ancient bone altar of Kikubaaqudgha.
  6237 | D:6      | Found a blossoming altar of Fedhas.
  6419 | D:6      | Killed a troll
  6420 | D:6      | Reached skill level 9 in Polearms
  6420 | D:6      | Reached XP level 9. HP: 23/71 MP: 9/9
  6691 | D:7      | Noticed Menkaure
  6695 | D:7      | Killed Menkaure
  6736 | D:7      | Reached skill level 1 in Throwing
  6751 | D:7      | Reached **** piety under Trog
  6838 | D:7      | Noticed Maggie
  6855 | D:7      | Killed Maggie
  6862 | D:7      | Noticed Pikel
  7229 | D:7      | Noticed Jeremiah
  7257 | D:7      | Killed Jeremiah
  7258 | D:7      | Reached skill level 10 in Polearms
  7506 | D:7      | Killed Pikel
  7677 | D:7      | You fall into a shaft and drop 3 floors!
  7677 | D:10     | Entered Level 10 of the Dungeon
  7677 | D:10     | Found an ornate altar of the Wu Jian Council.
  7835 | D:9      | Noticed a two-headed ogre
  7872 | D:9      | Found a hazy altar of Hepliaklqana.
  7883 | D:9      | Found a snail-covered altar of Cheibriados.
  7937 | D:9      | Reached XP level 10. HP: 48/77 MP: 10/10
  7950 | D:9      | Mangled by an orc priest

Illustrated notes

Levels and vault maps discovered:
D:1:      dpeg_arrival_short_road, layout_basic, serial_bayou_lake_a
D:2:      layout_basic, uniq_natasha, uniq_terence
D:3:      layout_loops_ring, okawaru_metal_pillars_3, zin_angel,
          shapermc_ecumenical_altar_starsandcircs, minmay_misc_feat_square
D:4:      layout_basic, kennysheep_mini, mainiacjoe_overflow_alcove_1,
          temple_hall, minmay_ruptured
D:5:      layout_basic, nicolae_qazlal_style_of_elements,
          chequers_serial_rivers_small_a, uniq_ijyb, uniq_prince_ribbit1
D:6:      minmay_chambers_of_fours, layout_loops_corners,
          grunt_temple_overflow_growth_and_decay, uniq_grinder
D:7:      layout_basic, uniq_jeremiah, uniq_pikel, uniq_maggie, uniq_menkaure
D:9:      layout_roguey [special_room_orc], amethyst_overflow_temple_binary,
          mainiacjoe_overflow_concentric_impassable, grunt_ministairs_1,
          uniq_erica
D:10:     hangedman_cross_stitches, layout_long_grid,
          nicolae_wu_jian_immortal_techniques, bloody_makhleb, orc_0_dummy,
          kennysheep_potato, uniq_snorg

Skill      XL: |  1  2  3  4  5  6  7  8  9 |
---------------+----------------------------+-----
Polearms       | 3 4 5 6 9 10 | 10.6
Fighting       | 4 5 6 |  6.8
Throwing       | 3 |  3.7
Armour         | |  1.5
Dodging        | |  1.5

Action                     |  1- 3 |  4- 6 |  7- 9 | 10-12 || total
---------------------------+-------+-------+-------+-------++-------
  Melee: Spear             |   111 |    28 |       |       ||   139
         Trident           |    34 |    29 |       |       ||    63
         Glaive            |       |    79 |   226 |    12 ||   317
         Punch             |       |     1 |       |       ||     1
  Throw: Javelin           |       |     4 |     7 |       ||    11
         Throwing net      |       |       |     2 |       ||     2
         Dart              |       |       |     8 |       ||     8
 Invoke: Trog's Hand       |     1 |     1 |     6 |       ||     8
  Evoke: Wand              |       |     3 |     2 |       ||     5
    Use: Scroll            |       |       |    11 |     1 ||    12
   Stab: Sleeping          |     2 |       |       |       ||     2
 Armour: Animal skin       |    18 |       |       |       ||    18
         Leather armour    |    31 |    10 |       |       ||    41
         Scale mail        |       |    65 |   251 |    16 ||   332
  Dodge: Dodged            |    62 |    60 |   137 |     3 ||   262

Table legend: (Time is in decaauts)
 A = Elapsed time spent in this place.
 B = Non-inter-level travel time spent in this place.
 C = Inter-level travel time spent in this place.
 D = Time resting spent in this place.
 E = Time spent auto-exploring this place.
 F = Levels seen in this place.
 G = Mean time per level.
                   A        B        C        D        E       F      G
               +--------+--------+--------+--------+--------+-----+--------+
         Total |   8096 |   7657 |    439 |    403 |   5719 |   9 |  899.6 |
       Dungeon |   8096 |   7657 |    439 |    403 |   5719 |   9 |  899.6 |
               +--------+--------+--------+--------+--------+-----+--------+

Top non-repeatable levels by time:
     D:6: 1738 daAuts
     D:1: 1292 daAuts
     D:2: 1230 daAuts
     D:4: 1121 daAuts
     D:3: 840 daAuts
     D:5: 797 daAuts
     D:7: 796 daAuts
    D:10: 158 daAuts
     D:9: 119 daAuts
